 Dungeon Crawl Stone Soup version 0.29.1-2-gbd0b4ee654 (webtiles) character file.

Game seed: 13464567206217735054

4503 Linkola the Thaumaturge (level 10, -8/50 HPs)
             Began as a Deep Elf Air Elementalist on Nov 6, 2022.
             Was a Believer of Vehumet.
             Mangled by a seven-headed hydra (9 damage)
             ... on level 8 of the Dungeon.
             The game lasted 00:37:08 (8112 turns).

Linkola the Thaumaturge (Deep Elf Air Elementalist) Turns: 8112, Time: 00:37:10

Health: -8/50      AC:  6    Str:  5    XL:     10   Next: 16%
Magic:  0/45       EV: 13    Int: 25    God:    Vehumet [**....]
Gold:   203        SH:  0    Dex: 15    Spells: 14/31 levels left

rFire   . . .      SeeInvis .   f - +2 quarterstaff (chaos)
rCold   . . .      Faith    .   (shield currently unavailable)
rNeg    . . .      Spirit   +   a - +0 robe
rPois   .          Reflect  .   u - +1 helmet of Bugeul {Stlth+}
rElec   .          Harm     .   h - +1 cloak
rCorr   .          Rampage  .   (no gloves)
Will    +....                   (no boots)
Stlth   ++++......              i - amulet of guardian spirit
HPRegen 0.16/turn               e - ring of magical power
MPRegen 0.29/turn               j - ring of magical power

@: no status effects
A: claws 1, sturdy frame 1
a: Renounce Religion


You were on level 8 of the Dungeon.
You worshipped Vehumet.
Vehumet was pleased with you.
You visited 2 branches of the dungeon, and saw 9 of its levels.

You collected 421 gold pieces.
You spent 218 gold pieces at shops.

Inventory:

Hand Weapons
 f - a +2 quarterstaff of chaos (weapon)
Armour
 a - a +0 robe (worn)
 h - a +1 cloak (worn)
 u - the +1 helmet of Bugeul (worn) {Stlth+}
   (You bought it in a shop on level 7 of the Dungeon)

   Stlth:     It makes you more stealthy.
Jewellery
 e - a ring of magical power (left claw)
 i - an amulet of guardian spirit (around neck)
 j - a ring of magical power (right claw)
Wands
 m - a wand of acid (3)
 p - a wand of paralysis (12)
Scrolls
 k - 3 scrolls of identify
 n - 3 scrolls of butterflies
 q - 2 scrolls of enchant weapon
 r - a scroll of fear
Potions
 b - 4 potions of magic
 c - a potion of cancellation
 d - 2 potions of haste
 g - 3 potions of curing
 l - 2 potions of flight
 o - 2 potions of heal wounds
 s - 2 potions of invisibility


   Skills:
 + Level 3.4 Dodging
 + Level 4.6 Stealth
 + Level 11.3 Spellcasting
 + Level 6.9 Conjurations
 * Level 7.9 Hexes
 + Level 8.3 Air Magic
 + Level 0.2 Poison Magic


You had 14 spell levels left.
You knew the following spells:

 Your Spells              Type           Power      Damage    Failure   Level
a - Shock                 Conj/Air       100%       1d9       1%          1
b - Static Discharge      Conj/Air       51%        3-10/arc  1%          2
c - Swiftness             Air            54%        N/A       1%          3
d - Airstrike             Air            27%        2d(4-20)  1%          4
e - Tukima's Dance        Hex            52%        N/A       1%          3
f - Poisonous Vapours     Pois/Air       70%        N/A       1%          2
g - Searing Ray           Conj           96%        2d7       1%          2

Your spell library contained the following spells:

 Spells                   Type           Power      Damage    Failure   Level
 Foxfire                  Conj/Fire      100%       2x1d9     1%          1
 Magic Dart               Conj           100%       1d8       1%          1
 Ensorcelled Hibernation  Hex/Ice        68%        N/A       1%          2
 Fulminant Prism          Conj/Hex       25%        3d14      1%          4
 Stone Arrow              Conj/Erth      62%        3d10      3%          3
 Sandblast                Erth           28%        2d8       4%          1
 Passwall                 Tmut/Erth      11%        N/A       6%          2
 Anguish                  Hex/Necr       17%        N/A       9%          4
 Spider Form              Tmut/Pois      14%        N/A       12%         3
 Gell's Gravitas          Tloc           14%        N/A       13%         3
 Teleport Other           Tloc           14%        N/A       13%         3
 Corpse Rot               Necr/Pois/Air  28%        N/A       13%         4
 Yara's Violent Unravell  Hex/Tmut       17%        3d8       24%         5
 Passage of Golubria      Tloc           14%        N/A       38%         4
 Dispersal                Tloc           7%         N/A       100%        6


Dungeon Overview and Level Annotations

Branches:
Dungeon (8/15)             Temple (1/1) D:5
   Lair: D:8-11

Altars:
Cheibriados
Fedhas
Hepliaklqana
Nemelex Xobeh
Vehumet
The Shining One

Shops:
D:2 =   D:3 *   D:5 !   D:7 *[=


Innate Abilities, Weirdness & Mutations

You have sharp fingernails.
Your movements are slightly less encumbered by armour. (ER -2)


Message History

The seven-headed hydra is severely wounded.
The searing ray hits the killer bee!
You kill the killer bee!
Vehumet accepts your kill.
You feel your power returning.
The searing ray misses the killer bee.
You finish channelling your searing ray.
The seven-headed hydra completely misses you.
The seven-headed hydra bites you.
The seven-headed hydra bites you but does no damage.
The seven-headed hydra bites you. The seven-headed hydra bites you! x2
The seven-headed hydra bites you but does no damage.
Casting: Searing Ray (safe; 1% risk of failure)
Confirm with . or Enter, or press ? or * to list all spells.
Aiming: Searing Ray (safe; 1% risk of failure)
Press: ? - help, Shift-Dir - straight line, f/p - seven-headed hydra
Aim: a seven-headed hydra (severely wounded, 94% to hit)
The searing ray hits the seven-headed hydra.
The seven-headed hydra is severely wounded.
The searing ray misses the killer bee. (Press . to maintain the ray.)
The seven-headed hydra bites you. x2; The seven-headed hydra bites you!
The seven-headed hydra bites you but does no damage.
The seven-headed hydra closely misses you.
The seven-headed hydra bites you!
* * * LOW HITPOINT WARNING * * *
The seven-headed hydra bites you.
* * * LOW HITPOINT WARNING * * *
The searing ray hits the seven-headed hydra!
The seven-headed hydra is almost dead.
The searing ray hits the killer bee!
The killer bee is heavily wounded.
The searing ray hits the black bear!
The black bear is moderately wounded.
The seven-headed hydra bites you.
* * * LOW HITPOINT WARNING * * *
The seven-headed hydra bites you. The seven-headed hydra misses you. x2
The seven-headed hydra bites you!
* * * LOW HITPOINT WARNING * * *
The seven-headed hydra bites you!
You die...

... ... ... ... .... #h# .....
#<# ... #y# #.########D#
###..(.[....@##########
#.......)..####.......# #...
#..........# #.......# #...
#..).......# #.......# #...
#.)........# #.......# #...
#..........# #.......# #...
###).........####.......####...
#............'............##...
###.#..........####.......#.##...


You could see a seven-headed hydra, a black bear and a killer bee.

Vanquished Creatures
  The ghost of Elsvaer the Thaumaturge, a novice DECj of Vehumet (D:7)
  The ghost of Gabide the Ruffian, a novice VSCK of Xom (D:6)
  Maggie (D:6)
  A steam dragon (D:8)
  5 water moccasins
  3 black bears
  An orc warrior (D:7)
  2 ice beasts
  2 ogres
  3 necrophages
  5 bullfrogs
  4 scorpions
  A gnoll sergeant (D:7)
  8 wights
  4 killer bees (D:8)
  A howler monkey (D:4)
  2 hounds
  4 jellies
  2 orc priests
  Crazy Yiuf (D:2)
  Terence (D:2)
  3 orc wizards
  An iguana (D:7)
  Natasha (twice) (D:2)
  A river rat (D:6)
  7 adders
  2 shadow imps
  An ufetubus (D:5)
  2 worms
  3 dart slugs
  21 orcs
  6 endoplasms
  3 giant cockroaches
  6 goblins
  8 hobgoblins
  8 jackals (D:4)
  5 quokkas
  9 ball pythons
  4 bats
  3 frilled lizards
  5 kobolds
  5 rats
158 creatures vanquished.

Vanquished Creatures (collateral kills)
  A centaur (D:8)
1 creature vanquished.

Vanquished Creatures (others)
  3 dancing weapons
  47 fungi (D:8)
  65 plants
115 creatures vanquished.

Grand Total: 274 creatures vanquished

Notes
Turn   | Place    | Note
-------+----------+-------------------------------------------
     0 | D:1      | Linkola the Deep Elf Air Elementalist began the quest for
                  | the Orb.
     0 | D:1      | Reached XP level 1. HP: 10/10 MP: 6/6
   288 | D:1      | Reached XP level 2. HP: 15/15 MP: 0/8
   292 | D:1      | Learned a level 2 spell: Static Discharge
   632 | D:1      | Found a faded altar of an unknown god.
  1038 | D:1      | Gained mutation: You have sharp fingernails. [potion of
                  | mutation]
  1038 | D:1      | Gained mutation: Your movements are slightly less
                  | encumbered by armour. (ER -2) [potion of mutation]
  1216 | D:2      | Reached XP level 3. HP: 19/19 MP: 9/9
  1216 | D:2      | Noticed Terence
  1226 | D:2      | Killed Terence
  1276 | D:2      | Learned a level 3 spell: Swiftness
  1770 | D:2      | Noticed Natasha
  1773 | D:2      | Killed Natasha
  1774 | D:2      | Reached XP level 4. HP: 23/24 MP: 11/11
  1780 | D:2      | Learned a level 4 spell: Airstrike
  1848 | D:2      | Identified the +3 scale mail of the Sparrow {*Slow rElec
                  | Int+4 SInv}
  1855 | D:2      | Found Ycoll's Jewellery Boutique.
  2122 | D:2      | Noticed Natasha
  2124 | D:2      | Killed Natasha
  2125 | D:2      | Reached skill level 4 in Spellcasting
  2312 | D:2      | Found a runed translucent door.
  2313 | D:2      | Noticed Crazy Yiuf
  2464 | D:2      | Killed Crazy Yiuf
  2465 | D:2      | Reached XP level 5. HP: 6/28 MP: 13/13
  3076 | D:3      | Found Iblu's General Store.
  3519 | D:4      | Noticed an ogre
  3521 | D:4      | Reached skill level 1 in Hexes
  3524 | D:4      | Killed an ogre
  3525 | D:4      | Reached XP level 6. HP: 30/32 MP: 15/15
  3595 | D:4      | Reached skill level 5 in Spellcasting
  3745 | D:4      | Reached skill level 5 in Air Magic
  3791 | D:4      | Learned a level 3 spell: Tukima's Dance
  4156 | D:5      | Entered Level 5 of the Dungeon
  4213 | D:5      | Noticed an ice beast
  4218 | D:5      | Killed an ice beast
  4219 | D:5      | Reached XP level 7. HP: 36/36 MP: 17/17
  4280 | D:5      | Reached skill level 6 in Spellcasting
  4368 | D:5      | Found Soaremit's Distillery.
  4576 | D:5      | Found a staircase to the Ecumenical Temple.
  4591 | Temple   | Entered the Ecumenical Temple
  4596 | Temple   | Became a worshipper of Vehumet
  4988 | D:6      | Reached XP level 8. HP: 41/41 MP: 20/20
  5013 | D:6      | Reached skill level 7 in Spellcasting
  5502 | D:6      | Found a runed translucent door.
  5520 | D:6      | Reached skill level 5 in Conjurations
  5581 | D:6      | Found a runed translucent door.
  5585 | D:6      | Noticed Gabide's ghost (novice VSCK)
  5593 | D:6      | Noticed Maggie
  5606 | D:6      | Reached skill level 5 in Hexes
  5607 | D:6      | Killed Maggie
  5608 | D:6      | Reached skill level 8 in Spellcasting
  6219 | D:6      | Killed Gabide's ghost
  6220 | D:6      | Reached skill level 9 in Spellcasting
  6220 | D:6      | Reached XP level 9. HP: 38/45 MP: 24/24
  6222 | D:6      | Reached * piety under Vehumet
  6222 | D:6      | Offered knowledge of Magic Dart by Vehumet.
  6328 | D:7      | Found a transporter.
  6328 | D:7      | Noticed Elsvaer's ghost (novice DECj)
  6343 | D:7      | Found Vaseo's Antique Armour Emporium.
  6368 | D:7      | Found a transporter.
  6471 | D:7      | Bought a heavily runed helmet for 218 gold pieces
  6471 | D:7      | Identified the +1 helmet of Bugeul {Stlth+} (You bought it
                  | in a shop on level 7 of the Dungeon)
  6662 | D:7      | Learned a level 2 spell: Poisonous Vapours
  6699 | D:7      | Found Xub Tesh's Jewellery Shoppe.
  6767 | D:7      | Found Igyot's Assorted Antiques.
  6960 | D:7      | Killed Elsvaer's ghost
  6961 | D:7      | Reached skill level 10 in Spellcasting
  7635 | D:8      | Learned a level 2 spell: Searing Ray
  7708 | D:8      | Reached XP level 10. HP: 18/50 MP: 14/26
  7993 | D:8      | Offered knowledge of Foxfire by Vehumet.
  7994 | D:8      | Reached skill level 11 in Spellcasting
  8090 | D:8      | Reached ** piety under Vehumet
  8104 | D:8      | Noticed a seven-headed hydra
  8112 | D:8      | HP: 1/50 [seven-headed hydra (7)]
  8112 | D:8      | Mangled by a seven-headed hydra

Illustrated notes

Levels and vault maps discovered:
D:1:      minmay_arrival_widening_spiral_wide, layout_rooms,
          chequers_ecumenical_altar_simple
D:2:      layout_loops_corners, serial_shops, shop, minmay_tetromino_s2,
          uniq_natasha, uniq_crazy_yiuf_cottage, uniq_terence
D:3:      layout_basic, serial_aquarium, aquarium_bridge_square
          [aquarium_subvault_wall, aquarium_subvault_bridge,
          aquarium_subvault_balcony, aquarium_subvault_bridge],
          aquarium_window_fake, aquarium_window_fake, aquarium_window_1,
          aquarium_view_2f, serial_shops, shop, chequers_serial_rivers_small_3
D:4:      layout_loops_cross
D:5:      layout_rooms, minmay_temple_entry_overgrown, serial_shops,
          nicolae_stop_n_shop_1, nrook_pool_corridor, amethyst_killhole
D:6:      layout_loops_cross, ebering_ghost_sewer_f, uniq_maggie
D:7:      layout_rooms, gammafunk_ghost_arena, serial_shops,
          nicolae_square_shop, shop, nicolae_shop_overgrown_old_shop,
          serial_bayou_crossing
D:8:      layout_basic, due_lair_maze_entry_diamond
Temple:   grunt_wide_crystal_templ

Skill      XL: |  1  2  3  4  5  6  7  8  9 10 |
---------------+-------------------------------+-----
Stealth        | 3 4 |  4.6
Conjurations   | 2 3 4 5 6 |  6.9
Air Magic      | 4 5 6 7 8 |  8.3
Spellcasting   | 4 5 6 9 10 11 | 11.3
Hexes          | 1 2 3 6 7 |  7.9
Dodging        | 3 |  3.4
Poison Magic   | |  0.2

Action                   |  1- 3 |  4- 6 |  7- 9 | 10-12 || total
-------------------------+-------+-------+-------+-------++-------
 Cast: Shock             |    62 |    81 |   156 |    11 ||   310
       Static Discharge  |     7 |    10 |    25 |     4 ||    46
       Airstrike         |       |     1 |    19 |     4 ||    24
       Tukima's Dance    |       |     1 |    11 |     1 ||    13
       Poisonous Vapours |       |       |     2 |       ||     2
       Searing Ray       |       |       |       |     2 ||     2
  Use: Scroll            |     5 |     7 |    13 |       ||    25
       Potion            |     1 |       |       |       ||     1
Armor: Robe              |       |       |     7 |     3 ||    10
Dodge: Dodged            |     9 |     4 |    38 |     6 ||    57
